 Dungeon Crawl Stone Soup version 0.28.0-43-g3370ac3207 (webtiles) character file.

Game seed: 15047521817472560660

7 adizb the Sneak (level 1, 0/12 HPs)
             Began as a Vampire Brigand on Mar 6, 2022.
             Slain by a jackal (1 damage)
             ... on level 1 of the Dungeon.
             The game lasted 00:00:49 (72 turns).

adizb the Sneak (Vampire Brigand)                     Turns: 72, Time: 00:00:50

Health: 0/12       AC:  3    Str: 10    XL:     1   Next: 91%
Magic:  1/1        EV: 12    Int: 13    God:
Gold:   17         SH:  0    Dex: 15    Spells: 0/0 levels left

rFire   . . .      SeeInvis +   a - +2 dagger
rCold   + + .      Faith    .   (no shield)
rNeg    + + +      Spirit   .   b - +0 robe
rPois   ∞          Reflect  .   (no helmet)
rElec   .          Harm     .   c - +0 cloak
rCorr   .          Rampage  .   (no gloves)
Will    .....                   (no boots)
Stlth   +++++.....              (no amulet)
HPRegen 0.00/turn               (no ring)
MPRegen 0.07/turn               (no ring)

@: bloodless, inhibited regen
A: bloodless, fangs 3, see invisible, vampiric 1
a: Revivify


You were on level 1 of the Dungeon.
You visited 1 branch of the dungeon, and saw 1 of its levels.

You collected 17 gold pieces.

Inventory:

Hand Weapons
 a - a +2 dagger (weapon)
Missiles
 d - 8 poisoned darts (quivered)
 e - 2 curare-tipped darts
Armour
 b - a +0 robe (worn)
 c - a +0 cloak (worn)
Scrolls
 f - a scroll of immolation {unknown}


   Skills:
 + Level 1.9 Fighting
 + Level 2.3 Short Blades
 + Level 1.7 Throwing
 + Level 1.3 Dodging
 + Level 6.0 Stealth


You couldn't memorise any spells.
You didn't know any spells.
Your spell library was empty.

Dungeon Overview and Level Annotations

Branches:
Dungeon (1/15)

Altars:


Innate Abilities, Weirdness & Mutations

You do not regenerate when monsters are visible.
You are frail without blood (-20% HP).
You can heal yourself when you bite living creatures.
You are immune to poison.
You have razor-sharp teeth.
You have supernaturally acute eyesight. (SInv)
You are afflicted with vampirism.


Message History

You closely miss the quokka. The quokka bites you.
You closely miss the quokka. The quokka bites you.
You closely miss the quokka. The quokka bites you.
You closely miss the quokka.
The quokka twitches its whiskers.
The quokka misses you.
You closely miss the quokka. The quokka barely misses you.
You hit the quokka.
The quokka is severely wounded.
A jackal comes into view.
The quokka bites you.
The jackal barks!
You hit the quokka.
The quokka is almost dead.
A jackal comes into view.
The quokka barely misses you.
A jackal comes into view.
The frilled lizard barely misses you.
The jackal barks! x2
You hit the quokka.
You kill the quokka!
The frilled lizard bites you but does no damage.
You hit the dart slug.
The dart slug is heavily wounded.
The frilled lizard bites you.
* * * LOW HITPOINT WARNING * * *
The dart slug launches a dart at you. The slug dart misses you.
The jackal bites you but does no damage.
The jackal bites you but does no damage.
A goblin comes into view. It is wielding a +0 dagger.
The jackal bites you.
* * * LOW HITPOINT WARNING * * *
The goblin shouts!
You hit the goblin.
You kill the goblin!
The jackal bites you but does no damage.
Your Stealth skill increases to level 6!
You closely miss the jackal. The jackal bites you.
You die...

..................
.........[........
..................
..................
.................
..............#.##
....^........##..#
.........wl### #)#
#......###...###@#
.......#...#..##h#
......w#.....h.hh#
.......†......####
......)....>...#
...............#
..........>....#
...............#
...............#


You could see 3 jackals.

Vanquished Creatures
  A goblin (D:1)
  A jackal (D:1)
  A quokka (D:1)
  A ball python (D:1)
  2 kobolds (D:1)
  A rat (D:1)
7 creatures vanquished.

Notes
Turn   | Place    | Note
-------+----------+-------------------------------------------
     0 | D:1      | adizb the Vampire Brigand began the quest for the Orb.
     0 | D:1      | Reached XP level 1. HP: 16/16 MP: 1/1
    72 | D:1      | Reached skill level 6 in Stealth
    72 | D:1      | Slain by a jackal

Illustrated notes

Levels and vault maps discovered:
D:1:      lightli_arrival_maybe_door_vault, layout_rooms

Skill      XL: |  1 |
---------------+----+-----
Stealth        | 6 |  6.0
Fighting       | |  1.9
Short Blades   | |  2.3
Throwing       | |  1.7
Dodging        | |  1.3

Action                   || total
-------------------------++-------
Melee: Dagger            ||    21
 Abil: Exsanguinate      ||     1
 Stab: Sleeping          ||     1
Armor: Robe              ||     5
Dodge: Dodged            ||    11
